AAA
OMAHA STORM CHASERS @ EVANSVILLE TRIPLETS
05/23/2052
 
TOP OF THE 1ST
Evansville Triplets batting - Pitching for Edmonton Edge : RHP Alexander Magnússon
Pitching: RHP Alexander Magnússon
Batting: LHB Wesley Allen 0-0: Foul Ball, location: 2F
0-1: Ball
1-1: Ball
2-1: Ground out 5-3 (Groundball, 5, EV 106.9 MPH)
Batting: RHB John Cummings 0-0: SINGLE (Line Drive, 9LS, EV 105.0 MPH)
Batting: LHB Gabriel Wright 0-0: Called Strike
0-1: Ball
1-1: Called Strike
1-2: Ball
2-2: Strikes out swinging
Batting: RHB P.J. Sandino 0-0: Ball
1-0: Called Strike
1-1: Fly out, F3 (Popup, 3SF, EV 77.5 MPH)
Top of the 1st over - 0 runs, 1 hit, 0 errors, 1 left on base; Evansville 0 - Edmonton 0
BOTTOM OF THE 1ST
Edmonton Edge batting - Pitching for Evansville Triplets : RHP Jesse Hunter
Pitching: RHP Jesse Hunter
Batting: RHB Ryker Andrade 0-0: Ball
1-0: Ball
2-0: SINGLE (Line Drive, 8RS, EV 90.6 MPH)
Batting: LHB Christopher Carlile 0-0: Ball
1-0: Called Strike
1-1: Ball
2-1: Fielders Choice at 2nd, 4-6 (Groundball, 4S, EV 89.4 MPH)
Batting: LHB Vince Ledbetter 0-0: Ball
1-0: Called Strike
1-1: Fly out, F8 (Flyball, 8LD, EV 101.9 MPH)
Batting: SHB Asher Wurtz 0-0: Ball
1-0: Ball
2-0: Ball
3-0: Base on Balls
Christopher Carlile to second
Batting: LHB Sergio Sabedra 0-0: Foul Ball, location: 2F
0-1: Ball
1-1: Foul Ball, location: 5F
1-2: Ball
2-2: DOUBLE (Groundball, 3L, EV 103.1 MPH)
Christopher Carlile scores
Asher Wurtz to third
Runner from 3rd tries for Home, SAFE, no throw by RF
Batting: SHB Ward Saylor 0-0: Called Strike
0-1: Ball
1-1: Ball
2-1: Fly out, F6 (Popup, 6M, EV 53.8 MPH)
Bottom of the 1st over - 2 runs, 2 hits, 0 errors, 1 left on base; Evansville 0 - Edmonton 2
TOP OF THE 2ND
Evansville Triplets batting - Pitching for Edmonton Edge : RHP Alexander Magnússon
Batting: RHB Terrill Kirchner 0-0: Foul Ball, location: 3FF
0-1: Ball
1-1: Foul Ball, location: 2F
1-2: Ball
2-2: Strikes out swinging
Batting: LHB Rusty Holmes 0-0: Ball
1-0: Called Strike
1-1: Called Strike
1-2: Ball
2-2: Strikes out looking
Batting: RHB D.J. Coomer 0-0: Ball
1-0: SINGLE (Groundball, 34S, EV 76.3 MPH) (infield hit)
Batting: RHB Marco Ramos 0-0: Fly out, F8 (Flyball, 89D, EV 98.8 MPH)
Top of the 2nd over - 0 runs, 1 hit, 0 errors, 1 left on base; Evansville 0 - Edmonton 2
BOTTOM OF THE 2ND
Edmonton Edge batting - Pitching for Evansville Triplets : RHP Jesse Hunter
Batting: RHB Bryan Young 0-0: Ball
1-0: Called Strike
1-1: Foul Ball, location: 2F
1-2: Ball
2-2: Ball
3-2: Strikes out swinging
Batting: RHB Dominic Lunsford 0-0: Called Strike
0-1: Swinging Strike
0-2: Strikes out looking
Batting: RHB D.J. Kornegay 0-0: Ball
1-0: Ground out 6-3 (Groundball, 6D, EV 108.1 MPH)
Bottom of the 2nd over - 0 runs, 0 hits, 0 errors, 0 left on base; Evansville 0 - Edmonton 2
TOP OF THE 3RD
Evansville Triplets batting - Pitching for Edmonton Edge : RHP Alexander Magnússon
Batting: RHB Edgar Valenzuela 0-0: Ball
1-0: Ground out 6-3 (Groundball, 6, EV 80.0 MPH)
Batting: LHB Wesley Allen 0-0: Ball
1-0: Called Strike
1-1: Fly out, F8 (Flyball, 8RM, EV 90.0 MPH)
Batting: RHB John Cummings 0-0: Ball
1-0: Called Strike
1-1: Foul Ball, location: 9LMF
1-2: Ball
2-2: Ball
3-2: Fly out, F9 (Flyball, 9, EV 94.4 MPH)
Top of the 3rd over - 0 runs, 0 hits, 0 errors, 0 left on base; Evansville 0 - Edmonton 2
BOTTOM OF THE 3RD
Edmonton Edge batting - Pitching for Evansville Triplets : RHP Jesse Hunter
Batting: RHB Ryker Andrade 0-0: Ball
1-0: SINGLE (Groundball, 6, EV 98.8 MPH) (infield hit)
Batting: LHB Christopher Carlile 0-0: Called Strike
0-1: Ball
1-1: Called Strike
1-2: SINGLE (Groundball, 34D, EV 97.5 MPH)
Ryker Andrade to second
Runner from 2nd tries for 3rd, SAFE, no throw by RF
Batting: LHB Vince Ledbetter 0-0: Called Strike
0-1: Foul Ball, location: 23F
0-2: Strikes out swinging
Batting: SHB Asher Wurtz 0-0: Swinging Strike
0-1: Ball
1-1: Ball
2-1: Ball
3-1: Fly out, F8 (Flyball, 78XD, EV 101.3 MPH)
Runner from 3rd tags up, SCORES, no throw by CF
Batting: LHB Sergio Sabedra 0-0: Foul Ball, location: 3F
0-1: Swinging Strike
0-2: Strikes out swinging
Bottom of the 3rd over - 1 run, 2 hits, 0 errors, 1 left on base; Evansville 0 - Edmonton 3
TOP OF THE 4TH
Evansville Triplets batting - Pitching for Edmonton Edge : RHP Alexander Magnússon
Batting: LHB Gabriel Wright 0-0: Swinging Strike
0-1: Ball
1-1: Ball
2-1: Called Strike
2-2: Fly out, F8 (Line Drive, 8RD, EV 98.1 MPH)
Batting: RHB P.J. Sandino 0-0: Called Strike
0-1: Fly out, F9 (Flyball, 9LM, EV 97.5 MPH)
Batting: RHB Terrill Kirchner 0-0: Foul Ball, location: 3FF
0-1: Ball
1-1: Foul Ball, location: 2F
1-2: Foul Ball, location: 2F
1-2: Strikes out looking
Top of the 4th over - 0 runs, 0 hits, 0 errors, 0 left on base; Evansville 0 - Edmonton 3
BOTTOM OF THE 4TH
Edmonton Edge batting - Pitching for Evansville Triplets : RHP Jesse Hunter
Batting: SHB Ward Saylor 0-0: Foul Ball, location: 3FF
0-1: Ball
1-1: Ball
2-1: Swinging Strike
2-2: Fly out, F5 (Popup, 56, EV 63.1 MPH)
Batting: RHB Bryan Young 0-0: Ball
1-0: Foul Ball, location: 5F
1-1: Ball
2-1: Foul Ball, location: 25F
2-2: Ball
3-2: Foul Ball, location: 2F
3-2: Fly out, F9 (Line Drive, 9S, EV 107.5 MPH)
Batting: RHB Dominic Lunsford 0-0: Called Strike
0-1: Foul Ball, location: 7LMF
0-2: Foul Ball, location: 9LSF
0-2: Foul Ball, location: 7LMF
0-2: Ball
1-2: Ball
2-2: Strikes out looking
Bottom of the 4th over - 0 runs, 0 hits, 0 errors, 0 left on base; Evansville 0 - Edmonton 3
TOP OF THE 5TH
Evansville Triplets batting - Pitching for Edmonton Edge : RHP Alexander Magnússon
Batting: LHB Rusty Holmes 0-0: Called Strike
0-1: Ball
1-1: Ground out 4-3 (Groundball, 4, EV 80.6 MPH)
Batting: RHB D.J. Coomer 0-0: Fly out, F9 (Line Drive, 9LS, EV 112.5 MPH)
Batting: RHB Marco Ramos 0-0: Foul Ball, location: 9LSF
0-1: Foul Ball, location: 9LDF
0-2: Ball
1-2: Foul Ball, location: 2F
1-2: Fly out, F7 (Flyball, 78S, EV 82.5 MPH)
Top of the 5th over - 0 runs, 0 hits, 0 errors, 0 left on base; Evansville 0 - Edmonton 3
BOTTOM OF THE 5TH
Edmonton Edge batting - Pitching for Evansville Triplets : RHP Jesse Hunter
Batting: RHB D.J. Kornegay 0-0: Swinging Strike
0-1: Ball
1-1: Called Strike
1-2: Strikes out swinging
Batting: RHB Ryker Andrade 0-0: Foul Ball, location: 2F
0-1: Ball
1-1: Ball
2-1: Ground out 5-3 (Groundball, 56, EV 83.1 MPH)
Batting: LHB Christopher Carlile 0-0: Called Strike
0-1: Ball
1-1: Ball
2-1: Called Strike
2-2: Ground out 3-1 (Groundball, 34, EV 109.4 MPH)
Bottom of the 5th over - 0 runs, 0 hits, 0 errors, 0 left on base; Evansville 0 - Edmonton 3
TOP OF THE 6TH
Evansville Triplets batting - Pitching for Edmonton Edge : RHP Alexander Magnússon
Batting: RHB Edgar Valenzuela 0-0: Called Strike
0-1: Ground out 5-3 (Groundball, 56, EV 84.4 MPH)
Batting: LHB Wesley Allen 0-0: Ground out 1-3 (Groundball, 13S, EV 72.5 MPH)
Batting: RHB John Cummings 0-0: Ball
1-0: Swinging Strike
1-1: Ball
2-1: Fly out, F8 (Flyball, 8LS, EV 77.5 MPH)
Top of the 6th over - 0 runs, 0 hits, 0 errors, 0 left on base; Evansville 0 - Edmonton 3
BOTTOM OF THE 6TH
Edmonton Edge batting - Pitching for Evansville Triplets : RHP Jesse Hunter
Batting: LHB Vince Ledbetter 0-0: Ball
1-0: Ball
2-0: Foul Ball, location: 9LMFF
2-1: Foul Ball, location: 7LMF
2-2: Hit by Pitch
Batting: SHB Asher Wurtz 0-0: Called Strike
0-1: Ball
1-1: Ball
2-1: Ball
3-1: Called Strike
3-2: Foul Ball, location: 7LDF
3-2: Foul Ball, location: 3F
3-2: Strikes out swinging
Pitching: RHP Rudolph Ammons
Batting: LHB Sergio Sabedra 0-0: Called Strike
0-1: Called Strike
0-2: Foul Ball, location: 9LSFF
0-2: Foul Ball, location: 3F
0-2: Ball
1-2: Ball
2-2: Ball
3-2: Foul Ball, location: 2F
3-2: Foul Ball, location: 2F
3-2: Foul Ball, location: 5F
3-2: Fielders Choice at 2nd, 5-4 (Groundball, 56, EV 99.4 MPH)
Batting: SHB Ward Saylor 0-0: Swinging Strike
0-1: Ball
1-1: Called Strike
1-2: Strikes out swinging
Bottom of the 6th over - 0 runs, 0 hits, 0 errors, 1 left on base; Evansville 0 - Edmonton 3
TOP OF THE 7TH
Evansville Triplets batting - Pitching for Edmonton Edge : RHP Alexander Magnússon
Batting: LHB Gabriel Wright 0-0: Ball
1-0: Ball
2-0: Swinging Strike
2-1: Ball
3-1: SINGLE (Line Drive, 56, EV 95.0 MPH)
Batting: RHB P.J. Sandino 0-0: Ball
1-0: Ball
2-0: SINGLE (Line Drive, 34D, EV 96.9 MPH)
Gabriel Wright to second
Runner from 2nd tries for 3rd, SAFE, throw by RF made to third
Batting: RHB Terrill Kirchner 0-0: Called Strike
0-1: Foul Ball, location: 23F
0-2: Ball
1-2: Foul Ball, location: 5DF
1-2: Fly out, F8 (Flyball, 8RXD, EV 110.0 MPH)
Runner from 3rd tags up, SCORES, no throw by CF
Batting: LHB Rusty Holmes 0-0: Ball
1-0: SINGLE (Groundball, 4MD, EV 101.9 MPH)
P.J. Sandino to second
Pinch Hitting: LHB Elijah Woods 0-0: Ball
1-0: Called Strike
1-1: Swinging Strike
1-2: Ball
2-2: Ball
3-2: Foul Ball, location: 5SF
3-2: Foul Ball, location: 5F
3-2: Base on Balls
P.J. Sandino to third
Rusty Holmes to second
Batting: RHB Marco Ramos 0-0: Called Strike
0-1: Called Strike
0-2: Ball
1-2: Ball
2-2: Foul Ball, location: 3FF
2-2: Ball
3-2: Foul Ball, location: 5F
3-2: Foul Ball, location: 7LMF
3-2: Base on Balls
P.J. Sandino scores
Rusty Holmes to third
Elijah Woods to second
Pinch Hitting: RHB Grant Macer 0-0: Foul Ball, location: 2F
0-1: Ball
1-1: Ball
2-1: Called Strike
2-2: Fly out, F8 (Flyball, 8LD, EV 103.1 MPH)
Runner from 3rd tags up, SCORES, throw by CF
Elijah Woods to third
Pitching: RHP Jason Aldrich
Batting: LHB Wesley Allen 0-0: Called Strike
0-1: Ball
1-1: Foul Ball, location: 23F
1-2: Ball
2-2: Fielders Choice at 2nd, 6-4 (Groundball, 6, EV 78.8 MPH)
Top of the 7th over - 3 runs, 3 hits, 0 errors, 2 left on base; Evansville 3 - Edmonton 3
BOTTOM OF THE 7TH
Edmonton Edge batting - Pitching for Evansville Triplets : RHP Rudolph Ammons
Now at SS: Nick Wilkin
Now in CF: Elijah Woods
Batting: RHB Bryan Young 0-0: Ground out 6-3 (Groundball, 6M, EV 90.0 MPH)
Batting: RHB Dominic Lunsford 0-0: Ball
1-0: Ball
2-0: Called Strike
2-1: Foul Ball, location: 3DF
2-2: Ball
3-2: Strikes out swinging
Pinch Hitting: RHB Alan Rector 0-0: Ground out 6-3 (Groundball, 6, EV 88.8 MPH)
Bottom of the 7th over - 0 runs, 0 hits, 0 errors, 0 left on base; Evansville 3 - Edmonton 3
TOP OF THE 8TH
Evansville Triplets batting - Pitching for Edmonton Edge : RHP Jason Aldrich
Now at 3B: Alan Rector
Batting: RHB John Cummings 0-0: Called Strike
0-1: Foul Ball, location: 2F
0-2: Foul Ball, location: 2F
0-2: Foul Ball, location: 7LMF
0-2: Ball
1-2: Ball
2-2: Foul Ball, location: 2F
2-2: Fly out, F9 (Flyball, 9, EV 81.3 MPH)
Pitching: LHP Frederico Ponce
Pinch Hitting: RHB Walter McKnight 0-0: Foul Ball, location: 3F
0-1: Ball
1-1: SINGLE (Groundball, 34D, EV 98.1 MPH)
Batting: RHB P.J. Sandino 0-0: Ball
1-0: Fly out, F9 (Flyball, 89M, EV 78.8 MPH)
Batting: RHB Terrill Kirchner 0-0: Ball
1-0: Ball
2-0: Called Strike
2-1: Ball
3-1: SINGLE (Groundball, 3S, EV 68.8 MPH) (infield hit)
Walter McKnight to second
Batting: LHB Rusty Holmes 0-0: Ball
1-0: Ball
2-0: Ball
3-0: Base on Balls
Walter McKnight to third
Terrill Kirchner to second
Batting: LHB Elijah Woods 0-0: Foul Ball, location: 2F
0-1: Foul Ball, location: 3F
0-2: Hit by Pitch
Walter McKnight scores
Terrill Kirchner to third
Rusty Holmes to second
Batting: RHB Marco Ramos 0-0: Ball
1-0: Foul Ball, location: 9LSF
1-1: Ground out 4-3 (Groundball, 4, EV 87.5 MPH)
Top of the 8th over - 1 run, 2 hits, 0 errors, 3 left on base; Evansville 4 - Edmonton 3
BOTTOM OF THE 8TH
Edmonton Edge batting - Pitching for Evansville Triplets : RHP Rudolph Ammons
Now in LF: Walter McKnight
Pinch Hitting: SHB Rocky Mohler 0-0: Ball
1-0: Foul Ball, location: 9LMF
1-1: Ground out 4-3 (Groundball, 34, EV 78.1 MPH)
Batting: LHB Christopher Carlile 0-0: Swinging Strike
0-1: Ball
1-1: Swinging Strike
1-2: Strikes out swinging
Batting: LHB Vince Ledbetter 0-0: Foul Ball, location: 2F
0-1: Ball
1-1: Foul Ball, location: 3DF
1-2: Ball
2-2: Ball
3-2: Base on Balls
Pitching: LHP Vincent Dion
Batting: SHB Asher Wurtz 0-0: Foul Ball, location: 2F
0-1: Swinging Strike
0-2: Foul Ball, location: 2F
0-2: Strikes out looking
Bottom of the 8th over - 0 runs, 0 hits, 0 errors, 1 left on base; Evansville 4 - Edmonton 3
TOP OF THE 9TH
Evansville Triplets batting - Pitching for Edmonton Edge : LHP Frederico Ponce
Now at 1B: Rocky Mohler
Now in RF: Vince Ledbetter
Batting: RHB Nick Wilkin 0-0: Foul Ball, location: 2RF
0-1: Ball
1-1: Called Strike
1-2: Foul Ball, location: 9LSF
1-2: Foul Ball, location: 3SF
1-2: Strikes out looking
Batting: LHB Wesley Allen 0-0: Ball
1-0: Fly out, F7 (Flyball, 7S, EV 93.8 MPH)
Batting: RHB John Cummings 0-0: Ball
1-0: Swinging Strike
1-1: SINGLE (Line Drive, 34D, EV 97.5 MPH)
Pitching: RHP Fernando Rizo
Batting: RHB Walter McKnight 0-0: Called Strike
0-1: Ball
1-1: Foul Ball, location: 2F
1-2: Foul Ball, location: 2F
1-2: Strikes out swinging
Top of the 9th over - 0 runs, 1 hit, 0 errors, 1 left on base; Evansville 4 - Edmonton 3
BOTTOM OF THE 9TH
Edmonton Edge batting - Pitching for Evansville Triplets : LHP Vincent Dion
Pitching: RHP Rodd Mayberry
Batting: LHB Sergio Sabedra 0-0: SINGLE (Groundball, 4, EV 86.3 MPH)
Batting: SHB Ward Saylor 0-0: DOUBLE (Flyball, 8RXD, EV 107.5 MPH)
Sergio Sabedra to third
Batting: RHB Bryan Young 0-0: Called Strike
0-1: Swinging Strike
0-2: Ball
1-2: Foul Ball, location: 3FF
1-2: SINGLE (Line Drive, 7S, EV 111.3 MPH)
Sergio Sabedra scores
Ward Saylor to third
Batting: RHB Dominic Lunsford 0-0: SINGLE (Line Drive, 5L, EV 98.8 MPH)
Ward Saylor scores
Bottom of the 9th over - 2 runs, 4 hits, 0 errors, 1 left on base; Evansville 4 - Edmonton 5
Monday, April 22nd , 2024 - OOTP Baseball 24.11 Build 85